 Dungeon Crawl Stone Soup version 0.24-a0-412-ge138f7edaf (webtiles) character file.

Game seed: 4920929496910507511

10 Ijustatesigmund the Skirmisher (level 2, -1/21 HPs)
             Began as an Octopode Fighter on June 6, 2019.
             Slain by a giant cockroach (2 damage)
             ... on level 1 of the Dungeon.
             The game lasted 00:00:17 (116 turns).

Ijustatesigmund the Skirmisher (Octopode Fighter)    Turns: 116, Time: 00:00:17

Health: -1/21      AC:  1    Str: 15    XL:     2   Next: 20%
Magic:  2/2        EV: 11    Int: 10    God:
Gold:   16         SH:  8    Dex: 11    Spells: 1/1 levels left

rFire    . . .     SeeInvis .   a - +0 flail
rCold    . . .     Gourm    .   b - +0 shield
rNeg     . . .     Faith    .   (helmet restricted)
rPois    .         Spirit   .   (no amulet)
rElec    .         Reflect  .   (no ring)
rCorr    .         Harm     .   (no ring)
MR       .....                  (no ring)
Stlth    ++........             (no ring)
HPRegen  0.07/turn              (no ring)
MPRegen  0.08/turn              (no ring)
                                (no ring)
                                (no ring)

@: no status effects
A: almost no armour, stealthy swim, amphibious, 8 rings, constrict 8, camouflage
1, gelatinous body 1
a: no special abilities


You were on level 1 of the Dungeon.
You were not hungry.

You visited 1 branch of the dungeon, and saw 1 of its levels.

You collected 16 gold pieces.

Inventory:

Hand Weapons
 a - a +0 flail (weapon)
Armour
 b - a +0 shield (worn)
Potions
 c - a potion of might
Comestibles
 d - a ration


   Skills:
 + Level 3.2 Fighting
 * Level 2.5 Maces & Flails
 - Level 3.0 Dodging
 - Level 3.0 Shields


You had one spell level left.
You didn't know any spells.
Your spell library was empty.

Dungeon Overview and Level Annotations

Branches:
Dungeon (1/15)

Altars:


Innate Abilities, Weirdness & Mutations

You cannot wear most types of armour.
You are very stealthy in the water. (Stealth+)
You are amphibious.
You can wear up to eight rings at the same time.
You can use your tentacles to constrict eight enemies at once.
Your skin changes colour to match your surroundings (Stealth+).
Your rubbery body absorbs attacks. (AC +1, EV +1)


Message History

You block the kobold's attack. The hobgoblin hits you with a +0 club.
The giant cockroach bites you.
You hit the hobgoblin. You grab the hobgoblin.
The hobgoblin is moderately wounded.
You constrict the hobgoblin. The giant cockroach barely misses you.
You block the kobold's attack. The hobgoblin hits you with a +0 club.
You hit the kobold.
You kill the kobold!
You constrict the hobgoblin.
You kill the hobgoblin!
The giant cockroach bites you.
* * * LOW HITPOINT WARNING * * *
You block the giant cockroach's attack. The goblin hits you with a +0 club.
* * * LOW HITPOINT WARNING * * *
Your shield prevents you from hitting the goblin.
You grab the goblin. You squeeze the goblin.
You kill the goblin!
The giant cockroach bites you but does no damage.
The giant cockroach bites you.
You die...

# #8......8#...
#.####'(####.##.#
...#....(.)...#
###.#..##############
#......#............#
#.#.#..#............#
#....#............#
#.#.##........)...###
#...##.......@)......
#...##........s....#.
...#..>##.............#
............!...........
......................##
...............###..#.#
..############## ..##.(
.. ... .# #


You could see a giant cockroach.

Vanquished Creatures
  A dart slug (D:1)
  A giant cockroach (D:1)
  A goblin (D:1)
  A hobgoblin (D:1)
  3 kobolds (D:1)
  A rat (D:1)
8 creatures vanquished.

Notes
Turn   | Place    | Note
-------+----------+-------------------------------------------
     0 | D:1      | Ijustatesigmund the Octopode Fighter began the quest for
                  | the Orb.
     0 | D:1      | Reached XP level 1. HP: 16/16 MP: 1/1
   112 | D:1      | Reached XP level 2. HP: 19/21 MP: 2/2
   115 | D:1      | HP: 1/21 [goblin/+0 club (4)]
   116 | D:1      | Slain by a giant cockroach

Levels and vault maps discovered:
D:1:      lightli_arrival_noodles, layout_basic, minmay_tromino_v7

Action                   || total
-------------------------++-------
Melee: Flail             ||    12
       Constrict         ||     4
       Tentacles         ||     1
Armor: Skin              ||     2
Dodge: Dodged            ||     6
Block: Shield            ||     7

Table legend:
 A = Non-vault XP
 B = Vault XP
 C = Vault XP percentage of total XP
 D = Non-vault monster count
 E = Vault monster count
 F = Vault count percentage of total count
                 A         B        C        D         E       F
            +---------+---------+-------+---------+---------+-------
      Total |      10 |       5 |  33.3 |       5 |       3 |  37.5
            +---------+---------+-------+---------+---------+-------
        D:1 |      10 |       5 |  33.3 |       5 |       3 |  37.5
            +---------+---------+-------+---------+---------+-------
